 Dungeon Crawl Stone Soup version 0.27.1 (webtiles) character file.

Game seed: 11207681796092753387

1823 pkoi the Grappler (level 8, -5/70 HPs)
             Began as a Troll Gladiator on Aug 24, 2021.
             Was an Initiate of Gozag.
             Slain by a ten-headed hydra (8 damage)
             ... on level 7 of the Dungeon.
             The game lasted 00:05:22 (4320 turns).

pkoi the Grappler (Troll Gladiator)                 Turns: 4320, Time: 00:05:23

Health: -5/70      AC:  7    Str: 24    XL:     8   Next: 85%
Magic:  7/7        EV: 10    Int:  5    God:    Gozag
Gold:   369        SH:  0    Dex: 11    Spells: 7/7 levels left

rFire    . . .     SeeInvis .     - Unarmed
rCold    . . .     Faith    .   (no shield)
rNeg     + . .     Spirit   .   a - +0 robe
rPois    .         Reflect  .   b - +0 hat
rElec    .         Harm     .   k - +2 cloak
rCorr    .         Rampage  .   (gloves unavailable)
Will     .....                  (boots unavailable)
Stlth    +.........             (no amulet)
HPRegen  1.21/turn              p - ring of positive energy
MPRegen  0.10/turn              (no ring)

@: brilliant, hasted, very quick
A: large, unfitting armour, claws 3, regeneration 1, shaggy fur 1, tough skin 1
a: Renounce Religion, Potion Petition, Call Merchant, Bribe Branch


You were on level 7 of the Dungeon.
You worshipped Gozag.
Gozag was aware of your devotion.
You visited 1 branch of the dungeon, and saw 7 of its levels.

You collected 771 gold pieces.
You paid 402 gold pieces to Gozag.

Inventory:

Missiles
 c - 4 throwing nets (quivered)
 g - 21 poisoned darts
Armour
 a - a +0 robe (worn)
 b - a +0 hat (worn)
 k - a +2 cloak (worn)
Jewellery
 f - a ring of ice
 p - a ring of positive energy (left claw)
Wands
 i - a wand of paralysis (9)
 n - a wand of iceblast (6)
Scrolls
 d - a scroll of identify
 h - 2 scrolls of teleportation
Potions
 e - a potion of resistance
 j - a potion of brilliance
 l - 3 potions of flight
 o - 2 potions of might


   Skills:
 - Level 1.5 Fighting
 - Level 1.7 Throwing
 - Level 2.4 Dodging
 + Level 11.6 Unarmed Combat


You had 7 spell levels left.
You didn't know any spells.
Your spell library contained the following spells:

 Spells                   Type           Power      Damage    Failure   Level
 Animate Skeleton         Necr           0%         N/A       47%         1
 Apportation              Tloc           0%         N/A       47%         1
 Corona                   Hex            0%         N/A       47%         1
 Pain                     Necr           0%         1d4       47%         1
 Summon Small Mammal      Summ           0%         N/A       47%         1
 Slow                     Hex            0%         N/A       63%         2
 Call Canine Familiar     Summ           0%         N/A       85%         3
 Confusing Touch          Hex            0%         N/A       85%         3
 Summon Guardian Golem    Hex/Summ       0%         N/A       85%         3
 Vampiric Draining        Necr           0%         2d6       85%         3
 Dispersal                Tloc           0%         N/A       100%        6
 Disjunction              Tloc           0%         N/A       100%        8


Dungeon Overview and Level Annotations

Branches:
Dungeon (7/15)             Temple (0/1) D:6

Altars:
Ashenzari
Gozag

Shops:
D:2 [

Annotations:
D:2 Natasha, Sigmund


Innate Abilities, Weirdness & Mutations

You are too large for most types of armour.
You have claws for hands.
Your natural rate of healing is unusually fast.
You are covered in fur. (AC +1)
You have tough skin. (AC +1)


Message History

The seven-headed hydra bites you!
The seven-headed hydra bites you but does no damage.
The seven-headed hydra bites you!
The seven-headed hydra bites you but does no damage. x2
You tear one of the seven-headed hydra's heads off!
The six-headed hydra grows two more!
You scratch the eight-headed hydra. You claw the eight-headed hydra!
The eight-headed hydra is moderately wounded.
Unknown command.
You rip one of the eight-headed hydra's heads off!
The seven-headed hydra grows two more!
You claw the nine-headed hydra!
The nine-headed hydra is moderately wounded.
The nine-headed hydra bites you.
The nine-headed hydra closely misses you.
The nine-headed hydra bites you.
* * * LOW HITPOINT WARNING * * *
The nine-headed hydra closely misses you.
The nine-headed hydra bites you.
* * * LOW HITPOINT WARNING * * *
The nine-headed hydra barely misses you.
The nine-headed hydra bites you!
* * * LOW HITPOINT WARNING * * *
The nine-headed hydra barely misses you.
The nine-headed hydra bites you.
* * * LOW HITPOINT WARNING * * *
You claw one of the nine-headed hydra's heads off!
The eight-headed hydra grows two more!
You mangle the ten-headed hydra!!
The ten-headed hydra is heavily wounded.
Unknown command.
You barely miss the ten-headed hydra. Your claw misses the ten-headed hydra.
The ten-headed hydra is heavily wounded.
The ten-headed hydra misses you.
The ten-headed hydra closely misses you.
The ten-headed hydra bites you!
* * * LOW HITPOINT WARNING * * *
The ten-headed hydra bites you.
* * * LOW HITPOINT WARNING * * *
The ten-headed hydra bites you!
You die...
Your body crumbles into a pile of gold.

#.##.#.#
##.##.#.#
###...#.#.######.
.................
###....##.#####..
##.#.##.#
#......# ###.####
#@# #D# #.# #.#
#.# #.# # #.# #
..# ####.##


You could see a ten-headed hydra.

Vanquished Creatures
  A shadow (D:6)
  A steam dragon (D:6)
  A water moccasin (D:6)
  An ice beast (D:6)
  3 sky beasts
  A necrophage (D:6)
  A centaur (D:5)
  An ogre (D:6)
  A phantom (D:5)
  A scorpion (D:5)
  3 howler monkeys
  A centaur zombie (D:5)
  3 hounds
  Crazy Yiuf (D:4)
  4 bullfrog skeletons
  A centaur skeleton (D:5)
  Natasha (D:2)
  An orc wizard (D:7)
  A hound zombie (D:5)
  4 adders
  8 gnolls
  A white imp (D:7)
  2 worms (D:2)
  4 dart slugs
  15 orcs
  5 giant cockroaches
  5 goblins
  8 hobgoblins
  2 jackals
  7 kobolds
  A quokka (D:4)
  6 ball pythons
  5 bats
  4 frilled lizards
  8 rats
113 creatures vanquished.

Notes
Turn   | Place    | Note
-------+----------+-------------------------------------------
     0 | D:1      | pkoi the Troll Gladiator began the quest for the Orb.
     0 | D:1      | Reached XP level 1. HP: 19/19 MP: 0/0
   119 | D:1      | Reached XP level 2. HP: 27/27 MP: 1/1
   314 | D:1      | Reached skill level 4 in Unarmed Combat
   531 | D:2      | Noticed Natasha
   605 | D:2      | Reached XP level 3. HP: 33/33 MP: 2/2
   618 | D:2      | Found Hiroh's Armour Shop.
   626 | D:2      | Noticed Sigmund
   717 | D:2      | Found a faded altar of an unknown god.
   788 | D:3      | Reached XP level 4. HP: 12/41 MP: 3/3
   811 | D:3      | Reached skill level 5 in Unarmed Combat
   892 | D:3      | Found an opulent altar of Gozag.
   930 | D:3      | Became a worshipper of Gozag Ym Sagoz the Greedy
  1462 | D:4      | Reached XP level 5. HP: 48/48 MP: 4/4
  1574 | D:4      | Found a broken altar of Ashenzari.
  1655 | D:4      | Reached skill level 6 in Unarmed Combat
  1686 | D:4      | Found a runed translucent door.
  1687 | D:4      | Noticed Crazy Yiuf
  2033 | D:4      | Killed Crazy Yiuf
  2087 | D:5      | Entered Level 5 of the Dungeon
  2098 | D:5      | Reached XP level 6. HP: 54/55 MP: 5/5
  2160 | D:5      | Reached skill level 7 in Unarmed Combat
  2301 | D:5      | Reached skill level 8 in Unarmed Combat
  2375 | D:5      | Reached XP level 7. HP: 61/62 MP: 6/6
  2814 | D:5      | Reached skill level 9 in Unarmed Combat
  3224 | D:2      | Killed Natasha
  3230 | D:2      | Noticed Natasha
  3423 | D:6      | Found a staircase to the Ecumenical Temple.
  3429 | D:6      | Reached XP level 8. HP: 70/70 MP: 7/7
  3433 | D:6      | Reached skill level 10 in Unarmed Combat
  3537 | D:6      | Reached skill level 11 in Unarmed Combat
  3982 | D:7      | Noticed a five-headed hydra
  4320 | D:7      | HP: 3/70 [ten-headed hydra (1)]
  4320 | D:7      | Slain by a ten-headed hydra

Illustrated notes

Levels and vault maps discovered:
D:1:      minmay_arrival_stone_box, layout_rooms, serial_glass, glass_columns_a,
          glass_columns_a, minmay_strange_pillars, minmay_misc_feat_encased,
          minmay_bisected
D:2:      layout_rooms, dreamdust_ecumenical_altar_statues, serial_shops,
          nicolae_shop_crystal, shop_statue, uniq_sigmund, uniq_natasha
D:3:      layout_basic, mainiacjoe_overflow_surrounded_room
D:4:      layout_gridville, mainiacjoe_overflow_tiny_flanked,
          uniq_crazy_yiuf_cottage
D:5:      layout_basic
D:6:      layout_basic, temple_fountains
D:7:      layout_loops_corners, amcnicky_mini_pool_medium

Skill      XL: |  1  2  3  4  5  6  7  8 |
---------------+-------------------------+-----
Unarmed Combat | 4 5 6 8 9 11 | 11.6
Fighting       | |  1.5
Throwing       | |  1.7
Dodging        | |  2.4

Action                   |  1- 3 |  4- 6 |  7- 9 || total
-------------------------+-------+-------+-------++-------
Melee: Unarmed           |    88 |   111 |   105 ||   304
       Punch             |     1 |       |     7 ||     8
Invok: Potion Petition   |       |       |     1 ||     1
Evoke: Wand              |       |       |     3 ||     3
  Use: Scroll            |     3 |     5 |     2 ||    10
 Stab: Sleeping          |     1 |     1 |     1 ||     3
       Distracted        |       |     1 |       ||     1
Armor: Robe              |    29 |    43 |    32 ||   104
Dodge: Dodged            |    48 |    48 |    53 ||   149
